 Dungeon Crawl Stone Soup version 0.26-a0-597-gb535b0901c (webtiles) character file.

Game seed: 6474201730078634056

18 Alarkh the Skirmisher (level 2, 23/24 HPs)
             Began as a Demonspawn Fighter on Sept 6, 2020.
             Got out of the dungeon alive.
             The game lasted 00:00:32 (337 turns).

Alarkh the Skirmisher (Demonspawn Fighter)           Turns: 337, Time: 00:00:32

Health: 23/24      AC:  6    Str: 16    XL:     2   Next: 51%
Magic:  2/2        EV:  6    Int:  9    God:
Gold:   26         SH:  9    Dex: 12    Spells: 1/1 levels left

rFire    . . .     SeeInvis .     - Unarmed
rCold    . . .     Faith    .   b - +1 kite shield
rNeg     . . .     Spirit   .   a - +0 scale mail
rPois    .         Reflect  .   (no helmet)
rElec    .         Harm     .   (no cloak)
rCorr    .                      (no gloves)
MR       .....                  (no boots)
Stlth    ..........             (no amulet)
HPRegen  0.08/turn              (no ring)
MPRegen  0.08/turn              (no ring)

@: no status effects
A: rot immunity
a: no special abilities


You escaped.
You visited 1 branch of the dungeon, and saw 1 of its levels.

You collected 26 gold pieces.

Inventory:

Armour
 a - a +0 scale mail (worn)
 b - a +1 kite shield (worn)
Jewellery
 h - an uncursed ring of protection from cold {unknown}
Scrolls
 d - a scroll of identify {unknown}
 f - a scroll of enchant armour
 g - a scroll of amnesia {unknown}


   Skills:
 + Level 3.2 Fighting
 - Level 2.6 Armour
 + Level 2.9 Shields
 * Level 2.3 Unarmed Combat


You had one spell level left.
You didn't know any spells.
Your spell library was empty.

Dungeon Overview and Level Annotations

Branches:
Dungeon (1/15)

Altars:


Innate Abilities, Weirdness & Mutations

You are immune to rotting.


Message History

You hit the gnoll.
The gnoll is lightly wounded.
You hit the gnoll.
The gnoll is heavily wounded.
The gnoll completely misses you.
You punch the gnoll!
You kill the gnoll!
You have reached level 2!
Your demonic ancestry asserts itself...
You feel immune to rotting.
Your shield and scale mail prevent you from hitting the goblin.
The goblin hits you but does no damage.
You punch the goblin!
You kill the goblin!
Things that are here:
a +0 halberd; a gnoll corpse You feel a little less mighty now.
There is a staircase leading out of the dungeon here.
Are you sure you want to leave the Dungeon?
This will make you lose the game!
You have escaped!

..... .............†...# .....
.................# #####
.................#
..################........#
..#>.............#........#
.....#..#..#..#..#.#+####.#
.................#.#.# #.#
..#..............#.#.####'####
###>............@#.#.........#
##..............#.#.........#
#...............#.#.........#
##...#..#..#..#.[#...........#
...>.............##.....#+####
..#################..####+##
..# #...# #......... ..# #...#
########......... #####...#
#................


There were no monsters in sight!

Vanquished Creatures
  A gnoll (D:1)
  A dart slug (D:1)
  A goblin (D:1)
  A hobgoblin (D:1)
  2 jackals (D:1)
  A kobold (D:1)
7 creatures vanquished.

Notes
Turn   | Place    | Note
-------+----------+-------------------------------------------
     0 | D:1      | Alarkh the Demonspawn Fighter began the quest for the Orb.
     0 | D:1      | Reached XP level 1. HP: 18/18 MP: 1/1
   266 | D:1      | Gained mutation: You are immune to rotting. [demonic
                  | ancestry]
   266 | D:1      | Reached XP level 2. HP: 17/24 MP: 2/2
   337 | D:$      | Got out of the dungeon alive.

Illustrated notes

Levels and vault maps discovered:
D:1:      lemuel_arrival_broad_hall, layout_basic, minmay_stone_trees_medium

Skill      XL: |  1 |
---------------+----+-----
Unarmed Combat | 2 |  2.3
Fighting       | |  3.2
Armour         | |  2.6
Shields        | |  2.9

Action                   || total
-------------------------++-------
Melee: Unarmed           ||    37
  Use: Potion            ||     2
       Scroll            ||     1
Armor: Scale mail        ||    13
Dodge: Dodged            ||    17
Block: Kite shield       ||    20

Table legend: (Time is in decaauts)
 A = Elapsed time spent in this place.
 B = Non-inter-level travel time spent in this place.
 C = Inter-level travel time spent in this place.
 D = Time resting spent in this place.
 E = Time spent auto-exploring this place.
 F = Levels seen in this place.
 G = Mean time per level.
                   A        B        C        D        E       F      G
               +--------+--------+--------+--------+--------+-----+--------+
         Total |    339 |    273 |     66 |     70 |    132 |   1 |  339.0 |
       Dungeon |    339 |    273 |     66 |     70 |    132 |   1 |  339.0 |
               +--------+--------+--------+--------+--------+-----+--------+

Top non-repeatable levels by time:
     D:1: 339 daAuts
